| TOP OF THE 1ST |
|
Erie SeaWolves batting - Pitching for Midland RockHounds : RHP Mike Staus
|
|
Pitching: RHP Mike Staus
|
|
|
Batting: RHB Janne Vihko
|
0-0: Ball 1-0: Bunted foul 1-1: Foul Ball, location: 2F 1-2: Strikes out swinging
|
|
Batting: RHB Norm Wood
|
0-0: Ball 1-0: Called Strike 1-1: Ball 2-1: Called Strike 2-2: Ball 3-2: Strikes out swinging
|
|
Batting: RHB Eric Angelle
|
0-0: Called Strike 0-1: Ball 1-1: Ball 2-1: Called Strike 2-2: Ground out 4-3 (Groundball, 4, EV 90.0 MPH)
|
| Top of the 1st over - 0 runs, 0 hits, 0 errors, 0 left on base; Erie 0 - Midland 0 |
| BOTTOM OF THE 1ST |
|
Midland RockHounds batting - Pitching for Erie SeaWolves : RHP Andy Strange
|
|
Pitching: RHP Andy Strange
|
|
|
Batting: RHB Micah Roth
|
0-0: Called Strike 0-1: Called Strike 0-2: Ball 1-2: Strikes out swinging
|
|
Batting: RHB Sean Gould
|
0-0: Called Strike 0-1: Ground out U3 (Groundball, 3, EV 83.8 MPH)
|
|
Batting: LHB Chance Stever
|
0-0: Ball 1-0: Ground out 1-3 (Groundball, 13S, EV 72.5 MPH)
|
| Bottom of the 1st over - 0 runs, 0 hits, 0 errors, 0 left on base; Erie 0 - Midland 0 |
| TOP OF THE 2ND |
|
Erie SeaWolves batting - Pitching for Midland RockHounds : RHP Mike Staus
|
|
Batting: RHB Benny O'Connor
|
0-0: Called Strike 0-1: Ball 1-1: Foul Ball, location: 2F 1-2: Strikes out looking
|
|
Batting: RHB Joel Miller
|
0-0: Called Strike 0-1: Called Strike 0-2: Ball 1-2: Foul Ball, location: 2F 1-2: Foul Ball, location: 2F 1-2: Ball 2-2: Fly out, F9 (Line Drive, 9LS, EV 87.5 MPH)
|
|
Batting: LHB Afanasy Zasekin
|
0-0: Ball 1-0: Foul Ball, location: 2F 1-1: Swinging Strike 1-2: Strikes out looking
|
| Top of the 2nd over - 0 runs, 0 hits, 0 errors, 0 left on base; Erie 0 - Midland 0 |
| BOTTOM OF THE 2ND |
|
Midland RockHounds batting - Pitching for Erie SeaWolves : RHP Andy Strange
|
|
Batting: LHB Tom Raupp
|
0-0: Foul Ball, location: 2F 0-1: Foul Ball, location: 2F 0-2: Ball 1-2: Foul Ball, location: 2F 1-2: Strikes out swinging
|
|
Batting: RHB Matt Sherard
|
0-0: Foul Ball, location: 2F 0-1: Called Strike 0-2: Foul Ball, location: 2F 0-2: Ball 1-2: SINGLE (Groundball, 56D, EV 103.8 MPH)
|
|
Batting: RHB Don Burt
|
0-0: Ball 1-0: Reached on error, E3 (Groundball, 3, EV 89.4 MPH) Matt Sherard to second
|
|
Batting: LHB Alan Bianchard
|
0-0: Called Strike 0-1: Ball 1-1: Fielders Choice at 2nd, 4-6 (Groundball, 4, EV 98.1 MPH) Matt Sherard to third
|
|
Batting: LHB Jose Mojica
|
0-0: Called Strike 0-1: Ball 1-1: Ground out 4-3 (Groundball, 34, EV 95.6 MPH)
|
| Bottom of the 2nd over - 0 runs, 1 hit, 1 error, 2 left on base; Erie 0 - Midland 0 |
| TOP OF THE 3RD |
|
Erie SeaWolves batting - Pitching for Midland RockHounds : RHP Mike Staus
|
|
Batting: RHB German Quiroga
|
0-0: Called Strike 0-1: Ball 1-1: Swinging Strike 1-2: Strikes out swinging
|
|
Batting: LHB Nick Nino
|
0-0: TRIPLE (Flyball, 78XD, EV 89.4 MPH)
|
|
Batting: RHB Tanner Purchase
|
0-0: Ball 1-0: Ball 2-0: Foul Ball, location: 2F 2-1: Called Strike 2-2: Ground out 5-3 (Groundball, 56S, EV 88.1 MPH) Nick Nino scores
|
|
Batting: RHB Janne Vihko
|
0-0: Ball 1-0: Foul Ball, location: 2F 1-1: Ball 2-1: Foul Ball, location: 2F 2-2: Strikes out swinging
|
| Top of the 3rd over - 1 run, 1 hit, 0 errors, 0 left on base; Erie 1 - Midland 0 |
| BOTTOM OF THE 3RD |
|
Midland RockHounds batting - Pitching for Erie SeaWolves : RHP Andy Strange
|
|
Batting: RHB Larry Clark
|
0-0: Ball 1-0: Ball 2-0: Ball 3-0: Base on Balls
|
|
Batting: RHB Micah Roth
|
0-0: Ball 1-0: Called Strike 1-1: Called Strike Larry Clark steals 2nd base 1-2: Foul Ball, location: 2F 1-2: Ground out 6-3 (Groundball, 6D, EV 101.2 MPH)
|
|
Batting: RHB Sean Gould
|
0-0: Ball 1-0: Ball 2-0: Called Strike 2-1: Ball 3-1: Foul Ball, location: 2F 3-2: Foul Ball, location: 2F 3-2: Strikes out swinging
|
|
Batting: LHB Chance Stever
|
0-0: Called Strike 0-1: Ball 1-1: Ball 2-1: Foul Ball, location: 2F 2-2: Foul Ball, location: 2F 2-2: Strikes out swinging
|
| Bottom of the 3rd over - 0 runs, 0 hits, 0 errors, 1 left on base; Erie 1 - Midland 0 |
| TOP OF THE 4TH |
|
Erie SeaWolves batting - Pitching for Midland RockHounds : RHP Mike Staus
|
|
Batting: RHB Norm Wood
|
0-0: Swinging Strike 0-1: Ball 1-1: Ball 2-1: Ground out 1-3 (Groundball, 34S, EV 67.5 MPH)
|
|
Batting: RHB Eric Angelle
|
0-0: Ball 1-0: Ball 2-0: Foul Ball, location: 2F 2-1: Ground out 4-3 (Groundball, 4, EV 93.1 MPH)
|
|
Batting: RHB Benny O'Connor
|
0-0: Ball 1-0: SINGLE (Groundball, P, EV 80.6 MPH) (infield hit)
|
|
Batting: RHB Joel Miller
|
0-0: Foul Ball, location: 2F 0-1: Ground out 4-3 (Groundball, 4, EV 80.0 MPH)
|
| Top of the 4th over - 0 runs, 1 hit, 0 errors, 1 left on base; Erie 1 - Midland 0 |
| BOTTOM OF THE 4TH |
|
Midland RockHounds batting - Pitching for Erie SeaWolves : RHP Andy Strange
|
|
Batting: LHB Tom Raupp
|
0-0: Called Strike 0-1: Fly out, F8 (Flyball, 8RS, EV 93.8 MPH)
|
|
Batting: RHB Matt Sherard
|
0-0: Ground out 5-3 (Groundball, 56S, EV 77.5 MPH)
|
|
Batting: RHB Don Burt
|
0-0: Ball 1-0: Swinging Strike 1-1: Foul Ball, location: 2F 1-2: Strikes out swinging
|
| Bottom of the 4th over - 0 runs, 0 hits, 0 errors, 0 left on base; Erie 1 - Midland 0 |
| TOP OF THE 5TH |
|
Erie SeaWolves batting - Pitching for Midland RockHounds : RHP Mike Staus
|
|
Batting: LHB Afanasy Zasekin
|
0-0: Ball 1-0: Ball 2-0: Ball 3-0: Called Strike 3-1: Base on Balls
|
|
Batting: RHB German Quiroga
|
0-0: Ball 1-0: Ball 2-0: Ball 3-0: Called Strike 3-1: Called Strike 3-2: Base on Balls Afanasy Zasekin to second
|
|
Batting: LHB Nick Nino
|
0-0: Foul Ball, location: 2F 0-1: Ball 1-1: Swinging Strike 1-2: Ball 2-2: Foul Ball, location: 2F 2-2: Ball 3-2: Foul Ball, location: 2F 3-2: Strikes out looking
|
|
Batting: RHB Tanner Purchase
|
0-0: Called Strike 0-1: Called Strike 0-2: Strikes out swinging
|
|
Batting: RHB Janne Vihko
|
0-0: Called Strike 0-1: Swinging Strike 0-2: Ball 1-2: Foul Ball, location: 2F 1-2: Ball 2-2: Ground out U3 (Groundball, 34, EV 88.8 MPH)
|
| Top of the 5th over - 0 runs, 0 hits, 0 errors, 2 left on base; Erie 1 - Midland 0 |
| BOTTOM OF THE 5TH |
|
Midland RockHounds batting - Pitching for Erie SeaWolves : RHP Andy Strange
|
|
Batting: LHB Alan Bianchard
|
0-0: Swinging Strike 0-1: Ball 1-1: SINGLE (Groundball, 34S, EV 68.8 MPH) (infield hit)
|
|
Batting: LHB Jose Mojica
|
0-0: Ball 1-0: Ball 2-0: Grounds into double play, 4-6-3 (Groundball, 4, EV 105.6 MPH)
|
|
Batting: RHB Larry Clark
|
0-0: Foul Ball, location: 2F 0-1: Called Strike 0-2: Ball 1-2: Fly out, F7 (Flyball, 78M, EV 91.9 MPH)
|
| Bottom of the 5th over - 0 runs, 1 hit, 0 errors, 0 left on base; Erie 1 - Midland 0 |
| TOP OF THE 6TH |
|
Erie SeaWolves batting - Pitching for Midland RockHounds : RHP Mike Staus
|
|
Batting: RHB Norm Wood
|
0-0: Ball 1-0: Called Strike 1-1: Ball 2-1: Fly out, F8 (Flyball, 8RS, EV 85.0 MPH)
|
|
Batting: RHB Eric Angelle
|
0-0: Called Strike 0-1: Reached on error, E6 (Groundball, 6, EV 83.8 MPH)
|
|
Batting: RHB Benny O'Connor
|
0-0: Swinging Strike 0-1: Fly out, F9 (Flyball, 9, EV 85.6 MPH)
|
|
Batting: RHB Joel Miller
|
0-0: Ball 1-0: DOUBLE (Groundball, 5L, EV 107.5 MPH) Eric Angelle scores
|
|
Pitching: RHP Jon Hollman
|
|
|
Batting: LHB Afanasy Zasekin
|
0-0: Ball 1-0: Ground out 6-3 (Groundball, 4M, EV 88.1 MPH)
|
| Top of the 6th over - 1 run, 1 hit, 1 error, 1 left on base; Erie 2 - Midland 0 |
| BOTTOM OF THE 6TH |
|
Midland RockHounds batting - Pitching for Erie SeaWolves : RHP Andy Strange
|
|
Batting: RHB Micah Roth
|
0-0: Ball 1-0: Ball 2-0: Ground out 3-1 (Groundball, 34S, EV 80.6 MPH)
|
|
Batting: RHB Sean Gould
|
0-0: Foul Ball, location: 2F 0-1: Foul Ball, location: 2F 0-2: Strikes out looking
|
|
Batting: LHB Chance Stever
|
0-0: Ball 1-0: Foul Ball, location: 2F 1-1: Ball 2-1: Swinging Strike 2-2: Strikes out swinging
|
| Bottom of the 6th over - 0 runs, 0 hits, 0 errors, 0 left on base; Erie 2 - Midland 0 |
| TOP OF THE 7TH |
|
Erie SeaWolves batting - Pitching for Midland RockHounds : RHP Jon Hollman
|
|
Batting: RHB German Quiroga
|
0-0: Fly out, F3 (Line Drive, 3, EV 65.0 MPH)
|
|
Batting: LHB Nick Nino
|
0-0: Called Strike 0-1: Foul Ball, location: 2F 0-2: Foul Ball, location: 2F 0-2: Ball 1-2: Ball 2-2: Foul Ball, location: 2F 2-2: Fly out, F7 (Flyball, 7D, EV 92.5 MPH)
|
|
Batting: RHB Tanner Purchase
|
0-0: Ball 1-0: Ball 2-0: Foul Ball, location: 2F 2-1: Ball 3-1: Base on Balls
|
|
Batting: RHB Janne Vihko
|
0-0: Called Strike Tanner Purchase steals 2nd base 0-1: Fly out, F9 (Flyball, 9, EV 84.4 MPH)
|
| Top of the 7th over - 0 runs, 0 hits, 0 errors, 1 left on base; Erie 2 - Midland 0 |
| BOTTOM OF THE 7TH |
|
Midland RockHounds batting - Pitching for Erie SeaWolves : RHP Andy Strange
|
|
Batting: LHB Tom Raupp
|
0-0: Ball 1-0: SINGLE (Line Drive, 56D, EV 97.5 MPH)
|
|
Batting: RHB Matt Sherard
|
0-0: Ball 1-0: Ball 2-0: Ball 3-0: Called Strike 3-1: Base on Balls Tom Raupp to second
|
|
Pinch Runner at 2nd Andrew Nicol:
|
|
|
Batting: RHB Don Burt
|
0-0: Ball 1-0: Bunt missed! 1-1: Bunt missed! 1-2: Strikes out swinging
|
|
Batting: LHB Alan Bianchard
|
0-0: Ball 1-0: Called Strike 1-1: Called Strike 1-2: Fielders Choice at 2nd, 3-6 (Groundball, 34S, EV 86.2 MPH) Andrew Nicol to third
|
|
Pitching: RHP Dale Gilbert
|
|
|
Batting: LHB Jose Mojica
|
0-0: Foul Ball, location: 2F 0-1: Swinging Strike 0-2: Strikes out looking
|
| Bottom of the 7th over - 0 runs, 1 hit, 0 errors, 2 left on base; Erie 2 - Midland 0 |
| TOP OF THE 8TH |
|
Erie SeaWolves batting - Pitching for Midland RockHounds : RHP Jon Hollman
|
|
Now at 1B: Andrew Nicol
|
|
|
Batting: RHB Norm Wood
|
0-0: Ball 1-0: Ball 2-0: Ball 3-0: Base on Balls
|
|
Batting: RHB Eric Angelle
|
0-0: Ball Norm Wood steals 2nd base 1-0: Foul Ball, location: 2F 1-1: Fly out, F6 (Line Drive, 6, EV 67.5 MPH) Lined into DP, 6-4 (Line Drive, 6, EV 68.1 MPH)
|
|
Batting: RHB Benny O'Connor
|
0-0: Ball 1-0: Ball 2-0: Ball 3-0: Called Strike 3-1: Ground out 5-3 (Groundball, 56, EV 90.6 MPH)
|
| Top of the 8th over - 0 runs, 0 hits, 0 errors, 0 left on base; Erie 2 - Midland 0 |
| BOTTOM OF THE 8TH |
|
Midland RockHounds batting - Pitching for Erie SeaWolves : RHP Dale Gilbert
|
|
Batting: RHB Larry Clark
|
0-0: SINGLE (Groundball, 4S, EV 72.5 MPH) (infield hit)
|
|
Pinch Hitting: LHB Nick Pacheco
|
0-0: Ball 1-0: Ball 2-0: Grounds into double play, 6-4-3 (Groundball, 6, EV 90.0 MPH)
|
|
Batting: RHB Sean Gould
|
0-0: Called Strike 0-1: Ball 1-1: Swinging Strike 1-2: Ball 2-2: Ball 3-2: SINGLE (Groundball, 34D, EV 103.8 MPH)
|
|
Batting: LHB Chance Stever
|
0-0: Ball 1-0: Ball 2-0: Called Strike 2-1: Swinging Strike 2-2: Ball 3-2: Strikes out looking
|
| Bottom of the 8th over - 0 runs, 2 hits, 0 errors, 1 left on base; Erie 2 - Midland 0 |
| TOP OF THE 9TH |
|
Erie SeaWolves batting - Pitching for Midland RockHounds : RHP Jon Hollman
|
|
Pitching: RHP Antonio Reyes
|
|
|
Now in RF: Jeremy Brammer
|
|
|
Batting: RHB Joel Miller
|
0-0: Foul Ball, location: 2F 0-1: Foul Ball, location: 2F 0-2: Foul Ball, location: 2F 0-2: Ball 1-2: Strikes out looking
|
|
Batting: LHB Afanasy Zasekin
|
0-0: Ball 1-0: Swinging Strike 1-1: Foul Ball, location: 2F 1-2: Strikes out swinging
|
|
Batting: RHB German Quiroga
|
0-0: Ball 1-0: Foul Ball, location: 2F 1-1: Called Strike 1-2: Ball 2-2: Ball 3-2: Base on Balls
|
|
Batting: LHB Nick Nino
|
0-0: Swinging Strike 0-1: Called Strike 0-2: Ball 1-2: Strikes out swinging
|
| Top of the 9th over - 0 runs, 0 hits, 0 errors, 1 left on base; Erie 2 - Midland 0 |
| BOTTOM OF THE 9TH |
|
Midland RockHounds batting - Pitching for Erie SeaWolves : RHP Dale Gilbert
|
|
Pitching: RHP Kyle Moore
|
|
|
Batting: RHB Andrew Nicol
|
0-0: Called Strike 0-1: Ball 1-1: Foul Ball, location: 2F 1-2: Foul Ball, location: 2F 1-2: Ball 2-2: Ball 3-2: Base on Balls
|
|
Batting: RHB Matt Sherard
|
0-0: Grounds into double play, U6-3 (Groundball, 4M, EV 101.9 MPH)
|
|
Batting: RHB Don Burt
|
0-0: Called Strike 0-1: Fly out, F8 (Flyball, 8LD, EV 87.5 MPH)
|
| Bottom of the 9th over - 0 runs, 0 hits, 0 errors, 0 left on base; Erie 2 - Midland 0 |
|